 Dungeon Crawl Stone Soup version 0.17.1-3-g152610e (webtiles) character file.

7572 Miyamura the Spear-Bearer (level 11, -6/84 HPs)
             Began as a Merfolk Ice Elementalist on Mar 17, 2016.
             Was a Priest of Kikubaaqudgha.
             Killed from afar by a gargoyle (15 damage)
             ... with a stone arrow
             ... on level 10 of the Dungeon on Mar 19, 2016.
             The game lasted 00:57:45 (17092 turns).

Miyamura the Spear-Bearer (MfIE)                   Turns: 17092, Time: 00:57:45

Health: -6/84      AC: 16    Str: 10    XL:     11   Next: 17%
Magic:  4/21       EV: 17    Int: 18    God:    Kikubaaqudgha [***...]
Gold:   244        SH:  6    Dex: 13    Spells: 5 memorised, 6 levels left

rFire  + . .     SeeInvis .     t - +1 spear
rCold  + . .     Clarity  .     a - +0 robe
rNeg   . . .     SustAt   .     (no shield)
rPois  .         Gourm    .     (no helmet)
rElec  .         Spirit   .     v - +0 cloak
rCorr  .         Warding  .     h - +2 pair of gloves
rMut   .         Stasis   .     g - +1 pair of boots
MR     .....                    (no amulet)
Stlth  +++.......               (no ring)
                                (no ring)

@: icy armour, about to teleport, icy shield, very slightly contaminated, not
resistant to hostile enchantments, fairly stealthy
A: change form in water, swift swim, yellow scales 1, clever 1, clumsy 1, cold
resistance 1, fire resistance 1, screaming 1
a: Receive Corpses, Renounce Religion


You were on level 10 of the Dungeon.
You worshipped Kikubaaqudgha.
Kikubaaqudgha was most pleased with you.
You were hungry.

You visited 2 branches of the dungeon, and saw 11 of its levels.

You collected 461 gold pieces.
You spent 217 gold pieces at shops.

Inventory:

Hand Weapons
 t - a +1 spear (weapon)
 y - the +3 hunting sling of the Little People {venom, rPois rC+++ rN+ Int-4}
   (You found it on level 4 of the Dungeon)

   It poisons the ammo it fires.
   It affects your intelligence (-4).
   It renders you almost immune to cold.
   It protects you from poison.
   It protects you from negative energy.
Missiles
 q - 11 javelins (quivered)
Armour
 a - a +0 robe (worn)
 g - a +1 pair of boots (worn)
 h - a +2 pair of gloves (worn)
 v - a +0 cloak (worn)
Wands
 w - a wand of confusion (8)
 C - a wand of enslavement (4)
 H - a wand of frost (42)
Scrolls
 e - a scroll of enchant weapon
 j - 2 scrolls of enchant armour
 o - 5 scrolls of remove curse
 p - a scroll of fear
 A - 2 scrolls of magic mapping
 G - a scroll of vulnerability
 J - 2 scrolls of identify
Potions
 i - a potion of berserk rage
 r - a potion of brilliance
 B - a potion of haste
 E - a potion of flight
 F - a potion of might
Books
 b - a book of Frost

   Spells                             Type                      Level
   a - Freeze                         Ice                          1
   b - Throw Frost                    Conjuration/Ice              2
   c - Ozocubu's Armour               Charms/Ice                   3
   d - Throw Icicle                   Conjuration/Ice              4
   e - Summon Ice Beast               Ice/Summoning                4
   f - Condensation Shield            Ice                          4
 d - a book of Alchemy

   Spells                             Type                      Level
   a - Sublimation of Blood           Necromancy                   2
   b - Ignite Poison                  Fire/Transmutation/Poison    3
   c - Alistair's Intoxication        Transmutation/Poison         4
   d - Condensation Shield            Ice                          4
   e - Petrify                        Transmutation/Earth          4
   f - Irradiate                      Conjuration/Transmutation    5
 l - a book of Enchantments

   Spells                             Type                      Level
   a - Cause Fear                     Hexes                        4
   b - Silence                        Hexes/Air                    5
   c - Deflect Missiles               Charms/Air                   6
   d - Haste                          Charms                       6
   e - Discord                        Hexes                        8
 m - a book of Ice

   Spells                             Type                      Level
   a - Ice Form                       Ice/Transmutation            4
   b - Metabolic Englaciation         Hexes/Ice                    5
   c - Ozocubu's Refrigeration        Ice                          6
   d - Bolt of Cold                   Conjuration/Ice              6
   e - Freezing Cloud                 Conjuration/Ice/Air          6
   f - Simulacrum                     Ice/Necromancy               6
 u - a book of Necromancy

   Spells                             Type                      Level
   a - Pain                           Necromancy                   1
   b - Animate Skeleton               Necromancy                   1
   c - Vampiric Draining              Necromancy                   3
   d - Regeneration                   Charms/Necromancy            3
   e - Animate Dead                   Necromancy                   4
   f - Control Undead                 Necromancy                   4
 z - Kikubaaqudgha's Papyrus of Black Arts
   (Kikubaaqudgha gifted it to you on level 7 of the Dungeon)

   Spells                             Type                      Level
   a - Pain                           Necromancy                   1
   b - Corpse Rot                     Necromancy                   2
   c - Sublimation of Blood           Necromancy                   2
   d - Vampiric Draining              Necromancy                   3
   e - Control Undead                 Necromancy                   4
 K - Qethril's Guide on Displacement
   (You found it on level 8 of the Dungeon)

   Spells                             Type                      Level
   a - Apportation                    Translocation                1
   b - Shroud of Golubria             Charms/Translocation         2
   c - Warp Weapon                    Charms/Translocation         5
 M - Kikubaaqudgha's Almanac of Darkness
   (Kikubaaqudgha gifted it to you on level 9 of the Dungeon)

   Spells                             Type                      Level
   a - Excruciating Wounds            Charms/Necromancy            5
   b - Bolt of Draining               Conjuration/Necromancy       5
   c - Agony                          Necromancy                   5
   d - Cigotuvi's Embrace             Necromancy                   5
   e - Dispel Undead                  Necromancy                   5
Comestibles
 c - 10 bread rations
 n - 5 fruits
 s - a meat ration
 x - a royal jelly
 D - 7 beef jerkies
 N - a slice of pizza


   Skills:
 + Level 7.4 Fighting
 + Level 9.6 Polearms
 + Level 9.5 Dodging
 - Level 6.7 Stealth
 + Level 6.7 Spellcasting
   Level 0.7 Conjurations
 - Level 4.3 Summonings
 + Level 0.1 Necromancy
 + Level 8.1 Ice Magic


You had 6 spell levels left.
You knew the following spells:

 Your Spells              Type           Power        Failure   Level  Hunger
a - Agony                 Necr           #.......     100%        5    #####..
c - Condensation Shield   Ice            #####.....   4%          4    ####...
f - Freeze                Ice            ####         1%          1    None
o - Ozocubu's Armour      Chrm/Ice       ###.....     10%         3    ##.....
s - Summon Ice Beast      Ice/Summ       ####....     12%         4    ####...


Dungeon Overview and Level Annotations

Branches:
Dungeon (10/15)            Temple (1/1) D:6            Lair (0/8) D:10
    Orc (0/4) D:9

Altars:
Ashenzari
Cheibriados
Dithmenos
Elyvilon
Fedhas
Gozag
Kikubaaqudgha
Makhleb
Nemelex Xobeh
Okawaru
Qazlal
Ru
Sif Muna
Trog
Vehumet
Xom
Yredelemnul
Zin
The Shining One
Beogh

Shops:
D:7 ?

Annotations:
D:5 exclusion: Prince Ribbit, Grinder, Prince Ribbit


Innate Abilities, Weirdness & Mutations

You revert to your normal form in water.
You are very nimble and swift while swimming.
You are partially covered in yellow scales (AC +2).
Your mind is acute. (Int +2)
You are clumsy. (Dex -2)
Your flesh is cold resistant.
Your flesh is heat resistant.
You occasionally shout uncontrollably at your foes.


Message History

Your ice beast hits the gargoyle but does no damage.
The gargoyle hurls a stone arrow at your ice beast.
The stone arrow hits your ice beast.
Your ice beast dies!
Read which item? (? for menu, Esc to quit)
Okay, then.
Drink which item? (? for menu, Esc to quit)
You feel better.
The gargoyle hurls a stone arrow at you.
The stone arrow hits you!
* * * LOW HITPOINT WARNING * * *
Drink which item? (? for menu, Esc to quit)
Okay, then.
The gargoyle hurls a stone arrow at you.
The stone arrow misses you.
There is an open door here.
The gargoyle hurls a stone arrow at you.
The stone arrow hits you!
You die...
Kikubaaqudgha rasps: "You have failed me!
Welcome... death!"

....... ###.......
.........
##########........
#..........§#+# ##
#.###.....§)..## ..#
#.#...§...≈§§§...# ...#
#......§.≈≈≈§§...# ....#
#######..≈≈§§≈§.@###.....#
........§≈.>§≈≈..'.9......
######..§≈..§≈≈..###.:...#
#..§.≈≈≈≈...# !^..#
#...≈≈≈≈....# ####
#..§........#
#...###.#...# #####
#.....# ###...#


You could see a gargoyle.

Vanquished Creatures
  Pikel (D:3)
  A fire drake (D:10)
  3 yaks (D:9)
  3 wyverns
  A mottled dragon (D:8)
  Menkaure (D:7)
  2 hippogriffs
  2 phantoms (D:7)
  An ice beast (D:7)
  7 ogres
  A black bear (D:8)
  A wasp (D:9)
  2 sky beasts
  2 orc warriors (D:9)
  2 necrophages
  3 centaurs
  4 giant frogs
  A gnoll sergeant (D:6)
  A big kobold (D:9)
  6 scorpions
  8 killer bees
  3 wights (D:7)
  6 crimson imps
  2 jellies (D:8)
  A giant frog zombie (D:8)
  3 orc priests
  7 orc wizards
  5 hounds
  7 worker ants
  A hound skeleton (D:4)
  A worker ant zombie (D:6)
  13 gnolls
  13 adders
  2 shadow imps
  3 adder skeletons
  2 adder zombies
  An ooze (D:3)
  6 giant geckos
  34 orcs
  3 ball pythons
  9 bats
  8 giant cockroaches
  18 goblins
  15 hobgoblins
  12 jackals
  11 kobolds
  3 quokkas
  5 giant newts
  A jackal skeleton (D:4)
  4 rats
252 creatures vanquished.

Vanquished Creatures (collateral kills)
  The ghost of kraktruk the Thaumaturge, a novice DsCj (D:8)
  A hill giant (D:8)
  A yak (D:9)
  A hungry ghost (D:9)
  2 orc warriors
  An ogre (D:7)
  2 big kobolds
  2 jellies (D:8)
  4 killer bees
  A wight (D:7)
  A gnoll shaman (D:9)
  A crimson imp (D:7)
  A hound zombie (D:8)
  2 gnolls (D:9)
  16 orcs
  2 jackals (D:8)
  6 kobolds
45 creatures vanquished.

Vanquished Creatures (others)
  A worm (D:4)
  A giant cockroach (D:4)
2 creatures vanquished.

Grand Total: 299 creatures vanquished

Notes
Turn   | Place    | Note
--------------------------------------------------------------
     0 | D:1      | Miyamura the Merfolk Ice Elementalist began the quest for the Orb.
     0 | D:1      | Reached XP level 1. HP: 13/13 MP: 3/3
   223 | D:1      | Reached XP level 2. HP: 18/20 MP: 3/5
   573 | D:1      | Reached skill level 1 in Fighting
   753 | D:1      | Reached XP level 3. HP: 22/26 MP: 2/6
   851 | D:1      | Learned a level 3 spell: Ozocubu's Armour
  2115 | D:2      | Reached XP level 4. HP: 33/33 MP: 7/7
  3197 | D:2      | Reached skill level 4 in Dodging
  3197 | D:2      | Reached XP level 5. HP: 36/38 MP: 0/9
  3572 | D:3      | Reached skill level 1 in Polearms
  3705 | D:3      | Found a sacrificial altar of Ru.
  3726 | D:3      | Reached XP level 6. HP: 42/45 MP: 0/10
  4245 | D:3      | Learned a level 2 spell: Throw Frost
  4994 | D:4      | Noticed Pikel
  5263 | D:4      | Reached XP level 7. HP: 37/51 MP: 0/12
  5360 | D:4      | Got a crystal hunting sling
  5361 | D:4      | Identified the +3 hunting sling of the Little People {venom, rPois rC+++ rN+ Int-4} (You found it on level 4 of the Dungeon)
  5419 | D:3      | Killed Pikel
  5419 | D:3      | Reached skill level 5 in Dodging
  5419 | D:3      | Reached skill level 5 in Stealth
  5419 | D:3      | Reached skill level 5 in Ice Magic
  5419 | D:3      | Reached XP level 8. HP: 22/60 MP: 0/13
  5869 | D:4      | Found a snail-covered altar of Cheibriados.
  6107 | D:5      | Entered Level 5 of the Dungeon
  6199 | D:5      | Reached skill level 5 in Polearms
  6199 | D:5      | Reached skill level 6 in Dodging
  6981 | D:5      | Noticed Grinder
  7433 | D:5      | Noticed Prince Ribbit
  7633 | D:6      | Found a staircase to the Ecumenical Temple.
  7641 | Temple   | Entered the Ecumenical Temple
  7758 | D:6      | Found a bloodstained altar of Trog.
  7788 | D:6      | Found a blossoming altar of Fedhas.
  7788 | D:6      | Found an ancient bone altar of Kikubaaqudgha.
  7845 | D:6      | Reached XP level 9. HP: 67/67 MP: 13/15
  8193 | D:6      | Reached skill level 5 in Fighting
  8306 | D:6      | Became a worshipper of Kikubaaqudgha
  8436 | D:6      | Found a shadowy altar of Dithmenos.
  8456 | D:6      | Gained mutation: You occasionally shout uncontrollably at your foes. [mutagenic meat]
  8457 | D:6      | Gained mutation: Your flesh is cold resistant. [mutagenic meat]
  8458 | D:6      | Gained mutation: You are clumsy. (Dex -2) [mutagenic meat]
  8459 | D:6      | Gained mutation: Your mind is acute. (Int +2) [mutagenic meat]
  9250 | D:7      | Noticed Menkaure
  9273 | D:7      | Killed Menkaure
  9273 | D:7      | Reached skill level 7 in Dodging
  9780 | D:7      | Reached skill level 5 in Spellcasting
  9793 | D:7      | Learned a level 4 spell: Condensation Shield
  9798 | D:7      | Learned a level 4 spell: Summon Ice Beast
  9851 | D:7      | Gained mutation: Your flesh is heat resistant. [potion of mutation]
  9851 | D:7      | Gained mutation: You are partially covered in yellow scales (AC +2). [potion of mutation]
 10519 | D:7      | Reached skill level 1 in Summonings
 11006 | D:7      | Found Tuymypsa's Magic Scroll Boutique.
 11009 | D:7      | Bought a scroll of identify for 28 gold pieces
 11009 | D:7      | Bought a scroll of vulnerability for 105 gold pieces
 11009 | D:7      | Bought a scroll of noise for 14 gold pieces
 11009 | D:7      | Bought a scroll of identify for 28 gold pieces
 11009 | D:7      | Bought a scroll of teleportation for 42 gold pieces
 11361 | D:7      | Found a stormy altar of Qazlal.
 11639 | D:7      | Reached skill level 8 in Dodging
 11639 | D:7      | Reached XP level 10. HP: 74/76 MP: 13/18
 12519 | D:7      | Reached * piety under Kikubaaqudgha
 12519 | D:7      | Received a gift from Kikubaaqudgha
 12522 | D:7      | Identified Kikubaaqudgha's Papyrus of Black Arts (Kikubaaqudgha gifted it to you on level 7 of the Dungeon)
 13180 | D:8      | Noticed kraktruk's ghost (novice DsCj)
 13202 | D:8      | Killed kraktruk's ghost
 13733 | D:8      | Noticed a hill giant
 13740 | D:8      | Killed a hill giant
 14648 | D:8      | Identified Qethril's Guide on Displacement
 15043 | D:9      | Found a shimmering altar of Xom.
 15209 | D:9      | Identified a scroll of acquirement
 15297 | D:9      | Reached skill level 9 in Dodging
 15413 | D:9      | Reached ** piety under Kikubaaqudgha
 15539 | D:9      | Found a glowing silver altar of Zin.
 15539 | D:9      | Found a white marble altar of Elyvilon.
 15539 | D:9      | Found a glowing golden altar of the Shining One.
 15974 | D:9      | Reached XP level 11. HP: 43/84 MP: 1/20
 16459 | D:9      | Found a staircase to the Orcish Mines.
 16732 | D:9      | Found a roughly hewn altar of Beogh.
 16744 | D:9      | Reached *** piety under Kikubaaqudgha
 16744 | D:9      | Received a gift from Kikubaaqudgha
 16754 | D:9      | Identified Kikubaaqudgha's Almanac of Darkness (Kikubaaqudgha gifted it to you on level 9 of the Dungeon)
 16834 | D:9      | Learned a level 5 spell: Agony
 16852 | D:10     | Entered Level 10 of the Dungeon
 16958 | D:10     | Found a staircase to the Lair.
 17092 | D:10     | Killed from afar by a gargoyle

Action                   |  1- 3 |  4- 6 |  7- 9 | 10-12 || total
-------------------------+-------+-------+-------+-------++-------
Melee: Dagger            |    69 |    44 |       |       ||   113
       Spear             |       |   134 |   419 |   466 ||  1019
 Cast: Freeze            |    38 |    77 |   141 |   108 ||   364
       Ozocubu's Armour  |       |     5 |    16 |    23 ||    44
       Throw Frost       |       |     4 |    10 |     2 ||    16
       Summon Ice Beast  |       |       |     5 |    27 ||    32
       Condensation Shie |       |       |     3 |    17 ||    20
Evoke: Wand              |       |       |     4 |     7 ||    11
  Use: Scroll            |       |     1 |    10 |    10 ||    21
       Potion            |       |       |     8 |     2 ||    10
 Stab: Sleeping          |     4 |    12 |     7 |     7 ||    30
       Distracted        |       |     2 |     1 |     1 ||     4
       Confused          |       |       |     4 |     8 ||    12
  Eat: Chunk             |     4 |    11 |    16 |    20 ||    51
       Bread ration      |       |       |     1 |       ||     1
       Beef jerky        |       |       |     1 |       ||     1
       Meat ration       |       |       |     1 |     1 ||     2
       Pizza             |       |       |       |     1 ||     1
